 Dungeon Crawl Stone Soup version 0.28.0-43-g3370ac3207 (webtiles) character file.

Game seed: 949206096159129131

62836 mortz the Destroyer (level 14, -3/111 HPs)
             Began as a Red Draconian Conjurer on Mar 1, 2022.
             Was a High Priest of Vehumet.
             Slain by Rupert
             ... wielding a +2 vorpal great mace
              (4 damage)
             ... on level 12 of the Dungeon on Mar 2, 2022.
             The game lasted 04:31:08 (30248 turns).

mortz the Destroyer (Red Draconian Conjurer)       Turns: 30248, Time: 04:31:09

Health: -3/111     AC: 14    Str: 10    XL:     14   Next: 65%
Magic:  17/32      EV: 15    Int: 27    God:    Vehumet [*****.]
Gold:   1482       SH:  3    Dex: 12    Spells: 9/41 levels left

rFire   + + .      SeeInvis .   y - +3 eveningstar (protect) {macerare=g}
rCold   + . .      Faith    .   I - +0 buckler
rNeg    . . .      Spirit   .   (armour unavailable)
rPois   .          Reflect  .   (helmet restricted)
rElec   .          Harm     .   N - scarf {rC+ rF+}
rCorr   .          Rampage  +   d - +1 pair of gloves
Will    +....                   (no boots)
Stlth   +++.......              K - amulet "Sejegg" {RegenMP Rampage +Blink}
HPRegen 0.28/turn               e - +6 ring of intelligence
MPRegen 0.63/turn               o - +4 ring of protection

@: no status effects
A: breathe fire, AC +8, unfitting armour, fire resistance 1, cold-blooded
a: Breathe Fire, Renounce Religion, Evoke Blink


You were on level 12 of the Dungeon.
You worshipped Vehumet.
Vehumet was extremely pleased with you.
You visited 3 branches of the dungeon, and saw 19 of its levels.

You collected 1482 gold pieces.


Innate Abilities, Weirdness & Mutations

You can breathe blasts of fire.
Your fiery red scales are hard. (AC +8)
You cannot fit into any form of body armour.
Your flesh is heat resistant. (rF+)
You are cold-blooded and may be slowed by cold attacks.


   Skills:
 + Level 6.8 Fighting
 + Level 2.2 Maces & Flails
 + Level 1.2 Polearms
 + Level 9.2 Dodging
 + Level 6.8 Stealth
 + Level 0.7 Shields
 + Level 0.1 Unarmed Combat
 + Level 14.4 Spellcasting
 + Level 14.6 Conjurations
 + Level 3.6 Translocations
 + Level 2.7 Transmutations
 + Level 4.2 Fire Magic
 + Level 3.2 Air Magic
 + Level 0.2 Earth Magic
 + Level 4.5 Poison Magic
 + Level 0.2 Evocations


You had 9 spell levels left.
You knew the following spells:

 Your Spells              Type           Power      Damage    Failure   Level
a - Poisonous Vapours     Pois/Air       80%        N/A       1%          2
b - Mephitic Cloud        Conj/Pois/Air  56%        N/A       1%          3
c - Ignite Poison         Fire/Tmut/Pois 40%        N/A       1%          3
d - Searing Ray           Conj           100%       2d8       0%          2
e - Iskenderun's Mystic   Conj/Tloc      62%        2d13      1%          4
f - Foxfire               Conj/Fire      100%       2x1d9     1%          1
g - Magic Dart            Conj           100%       1d8       0%          1
h - Dazzling Flash        Conj/Hex       100%       N/A       1%          3
i - Lee's Rapid Deconstr  Erth           10%        3d9*      24%         5
j - Sticky Flame          Conj/Fire      63%        2d8       1%          4
k - Flame Wave            Conj/Fire      63%        2d12      1%          4

Your spell library contained the following spells:

 Spells                   Type           Power      Damage    Failure   Level
 Beastly Appendage        Tmut           68%        N/A       1%          1
 Wereblood                Tmut           34%        N/A       1%          2
 Conjure Flame            Conj/Fire      63%        6-21      1%          3
 Inner Flame              Hex/Fire       30%        N/A       1%          3
 Fulminant Prism          Conj/Hex       28%        3d14      1%          4
 Spider Form              Tmut/Pois      39%        N/A       2%          3
 Passwall                 Tmut/Erth      22%        N/A       3%          2
 Frozen Ramparts          Ice            38%        1d5       3%          3
 Swiftness                Air            36%        N/A       3%          3
 Ensorcelled Hibernation  Hex/Ice        38%        N/A       5%          2
 Ozocubu's Armour         Ice            19%        N/A       11%         3
 Ice Form                 Ice/Tmut       26%        N/A       22%         4
 Summon Ice Beast         Ice/Summ       19%        N/A       36%         4
 Silence                  Hex/Air        14%        N/A       47%         5
 Agony                    Necr           19%        N/A       71%         5
 Ozocubu's Refrigeration  Ice            9%         4d6       99%         7

Inventory:

Hand Weapons
 y - a +3 eveningstar of protection (weapon) {macerare=g}
   (You found it on level 6 of the Lair of Beasts)
 C - a +0 trident of freezing {polearm}
   (You took it off an orc on level 6 of the Dungeon)
 X - a +2 great sword of flaming {long}
   (You took it off a fire giant on level 10 of the Dungeon)
Armour
 d - a +1 pair of gloves (worn)
   (You found it on level 1 of the Dungeon)
 I - a +0 buckler (worn)
   (You took it off a gnoll sergeant on level 7 of the Dungeon)
 N - a scarf of resistance (worn)
   (You found it on level 9 of the Dungeon)
 Q - a +2 cloak of poison resistance
   (You found it on level 10 of the Dungeon)
Jewellery
 a - an amulet of the acrobat
   (You found it on level 1 of the Lair of Beasts)
 e - a +6 ring of intelligence (left hand)
   (You found it on level 1 of the Dungeon)
 k - a ring of see invisible
   (You found it on level 10 of the Dungeon)
 o - a +4 ring of protection (right hand)
   (You found it on level 2 of the Dungeon)
 r - a ring of flight
   (You found it on level 1 of the Lair of Beasts)
 t - a +4 ring of evasion
   (You found it on level 3 of the Dungeon)
 H - a ring of resist corrosion
   (You found it on level 10 of the Dungeon)
 K - the amulet "Sejegg" (around neck) {RegenMP Rampage +Blink}
   (You took it off a fire giant on level 10 of the Dungeon)

   [amulet of magic regeneration]

   It increases your rate of magic regeneration.
   +Blink:    It lets you blink.
   Rampage:   It bestows one free step when moving towards enemies.
 W - a +6 ring of strength
   (You found it on level 2 of the Lair of Beasts)
Wands
 p - a wand of flame (16)
   (You took it off a gnoll on level 7 of the Dungeon)
 E - a wand of iceblast (17)
   (You found it on level 7 of the Dungeon)
 L - a wand of paralysis (2)
   (You found it on level 8 of the Dungeon)
 O - a wand of acid (17)
   (You found it on level 8 of the Dungeon)
Scrolls
 c - 2 scrolls of magic mapping {!r}
 i - 4 scrolls of amnesia
 m - 4 scrolls of teleportation {@r4}
 n - 3 scrolls of fog
 q - 2 scrolls of holy word
 u - a scroll of acquirement {unknown}
 w - 5 scrolls of enchant armour
 z - 2 scrolls of blinking {!r}
 A - a scroll of brand weapon
 J - 2 scrolls of silence {!r}
 T - 2 scrolls of fear
Potions
 b - 2 potions of ambrosia {unknown}
 f - 4 potions of brilliance
 g - 2 potions of lignification {unknown}
 h - a potion of cancellation {unknown}
 j - 13 potions of curing {@q1}
 l - 5 potions of flight {unknown}
 s - 6 potions of might
 x - 5 potions of heal wounds {@q2}
 D - a potion of attraction {unknown}
 F - a potion of invisibility {unknown}
 M - a potion of berserk rage {unknown}
 P - 3 potions of degeneration {unknown}
 S - 2 potions of haste {unknown}
 U - a potion of mutation {unknown}
 Z - a potion of magic {unknown}
Miscellaneous
 v - a phantom mirror
   (You found it on level 10 of the Dungeon)
 B - a condenser vane
   (You found it on level 10 of the Dungeon)

Dungeon Overview and Level Annotations

Branches:
Dungeon (12/15)            Temple (1/1) D:4            Lair (6/6) D:9
  Swamp (0/4) Lair:3        Snake (0/4) Lair:3        Slime (0/5) Lair:6
    Orc (0/2) D:10

Altars:
Ashenzari
Cheibriados
Dithmenos
Elyvilon
Fedhas
Gozag
Hepliaklqana
Kikubaaqudgha
Makhleb
Nemelex Xobeh
Okawaru
Qazlal
Ru
Sif Muna
Trog
Uskayaw
Vehumet
Wu Jian
Xom
Yredelemnul
Zin
The Shining One
Jiyva

Shops:
D:1 =

Portals:
Ice
Cave: D:12

Annotations:
D:8 1 runed translucent door
D:12 Rupert

).....#
#.#
......#
#.#
#######
#.# # #.#
# #.# #
#.##### #
#.....# #
#####.# #
#..@..# #
#...@#..#
#
#.#..#..#
#
......####
# .....
...∩...
.......
......#


You could see Rupert (berserk).


Message History

Vehumet accepts your kill.
You feel your power returning.
The two-headed ogre simulacrum is engulfed in blazing flames.
Vehumet accepts your kill.
The naga simulacrum is engulfed in blazing flames.
The searing ray hits Rupert!
Rupert yells loudly at you.
You suddenly lose the ability to move!
Rupert hits you with a +2 vorpal great mace!
The naga simulacrum is engulfed in blazing flames.
Vehumet accepts your kill.
Rupert hits you with a +2 vorpal great mace!!
You can move again. 😮 HP[-45]
You take 45 damage, and now have 63/111 hp.
MASSIVE DAMAGE!! (PAUSE)
Casting: Searing Ray (safe; 0% risk of failure)
Confirm with . or Enter, or press ? or * to list all spells.
You erupt in a blast of force!
The mystic blast hits Rupert!
Rupert is knocked back by the mystic blast. 😮 MP[-3]
You lost 3 mp, and now have 29/32 mp.
Casting: Iskenderun's Mystic Blast (safe; 1% risk of failure)
Confirm with . or Enter, or press ? or * to list all spells.
Aiming: Searing Ray (safe; 0% risk of failure)
Press: ? - help, Shift-Dir - straight line, f/p - Rupert
Aim: Rupert, wielding a +2 vorpal great mace and wearing a +0 scale mail (heavily wounded, 85% to hit)
The searing ray hits Rupert! (Press . to maintain the ray.)
You have got your breath back.
Rupert yells loudly at you.
You shrug off the repeated paralysis! 😮 MP[-2]
You lost 2 mp, and now have 27/32 mp.
The searing ray hits Rupert! 😮 HP[+1]
The searing ray misses Rupert.
Rupert roars madly and goes into a rage!
Rupert goes berserk! 😮 MP[-1]
You lost 1 mp, and now have 26/32 mp.
The searing ray misses Rupert.
You finish channelling your searing ray.
Rupert barely misses you.
Casting: Searing Ray (safe; 0% risk of failure)
Confirm with . or Enter, or press ? or * to list all spells.
You erupt in a blast of force!
The mystic blast hits Rupert!
Rupert is knocked back by the mystic blast.
Rupert rages. 😮 MP[-3]
You lost 3 mp, and now have 23/32 mp.
Casting: Iskenderun's Mystic Blast (safe; 1% risk of failure)
Confirm with . or Enter, or press ? or * to list all spells.
Casting: Flame Wave (safe; 1% risk of failure)
Press: ? - help, Dir - look around, f - activate A wave of flame ripples out! (Press . to intensify the flame waves.) Rupert barely misses you. 😮 HP[+1] MP[-4]
You lost 4 mp, and now have 19/32 mp.
Aiming: Magic Dart (safe; 0% risk of failure)
Press: ? - help, Q - select action, (/) - cycle Shift-Dir - straight line, f - Rupert
Aim: Rupert, wielding a +2 vorpal great mace and wearing a +0 scale mail (severely wounded, berserk, 100% to hit)
Okay, then.
A wave of flame ripples out!
The flame wave engulfs Rupert!
Rupert hits you with a +2 vorpal great mace!!!
* * * LOW HITPOINT WARNING * * *
x2 😱 HP[-42]
You take 42 damage, and now have 23/111 hp.
MASSIVE DAMAGE!! (PAUSE)
A wave of flame ripples out!
The flame wave engulfs Rupert!
The crackling of melting ice is subsiding rapidly.
Rupert hits you with a +2 vorpal great mace!
* * * LOW HITPOINT WARNING * * *
x2 Rupert closely misses you. 😱 HP[-11]
You take 11 damage, and now have 12/111 hp.
Casting: Magic Dart (safe; 0% risk of failure)
Confirm with . or Enter, or press ? or * to list all spells.
Aiming: Searing Ray (safe; 0% risk of failure)
Press: ? - help, Shift-Dir - straight line, f - Rupert
Aim: Rupert, wielding a +2 vorpal great mace and wearing a +0 scale mail (severely wounded, berserk, 85% to hit)
Okay, then.
You feel much better. You block Rupert's attack. 😨 HP[+24]
You regained 24 hp, and now have 36/111 hp.
Casting: Searing Ray (safe; 0% risk of failure)
Confirm with . or Enter, or press ? or * to list all spells.
Aiming: Searing Ray (safe; 0% risk of failure)
Press: ? - help, Shift-Dir - straight line, f - Rupert
Aim: Rupert, wielding a +2 vorpal great mace and wearing a +0 scale mail (severely wounded, berserk, 85% to hit)
The searing ray hits Rupert. (Press . to maintain the ray.)
You block Rupert's attack.
Rupert completely misses you. 😨 HP[+1] MP[-1]
You lost 1 mp, and now have 18/32 mp.
The searing ray hits Rupert!
Rupert hits you with a +2 vorpal great mace!!!
* * * LOW HITPOINT WARNING * * *
You die...

Skill      XL: |  1  2  3  4  5  6  7  8  9 10 11 12 13 14 |
---------------+-------------------------------------------+-----
Dodging        | 2 3 4 5 7 8 9 |  9.2
Stealth        | 2 3 4 5 6 |  6.8
Conjurations   | 5 6 8 10 11 12 13 14 | 14.6
Spellcasting   | 3 4 5 7 8 10 11 12 13 14 | 14.4
Fighting       | 1 2 4 5 6 |  6.8
Polearms       | 1 |  1.2
Maces & Flails | 2 |  2.2
Poison Magic   | 1 2 4 |  4.5
Translocations | 1 2 3 |  3.6
Fire Magic     | 1 4 |  4.2
Transmutations | 1 2 |  2.7
Air Magic      | 1 3 |  3.2
Shields        | |  0.7
Unarmed Combat | |  0.1
Earth Magic    | |  0.2
Evocations     | |  0.2

Action                   |  1- 3 |  4- 6 |  7- 9 | 10-12 | 13-15 || total
-------------------------+-------+-------+-------+-------+-------++-------
Melee: Unarmed           |    15 |       |       |       |       ||    15
       Tailslap          |     2 |       |       |     1 |       ||     3
       Dagger            |     1 |       |       |       |       ||     1
       Short sword       |       |     3 |       |       |       ||     3
       Morningstar       |       |       |       |     5 |     3 ||     8
       Punch             |       |       |       |       |     2 ||     2
 Cast: Magic Dart        |    50 |    48 |    83 |   102 |    76 ||   359
       Searing Ray       |     9 |    28 |    51 |   121 |   183 ||   392
       Poisonous Vapours |       |       |     1 |     2 |    25 ||    28
       Iskenderun's Myst |       |       |       |    25 |    25 ||    50
       Ignite Poison     |       |       |       |     7 |    30 ||    37
       Mephitic Cloud    |       |       |       |     6 |    11 ||    17
       Foxfire           |       |       |       |       |    46 ||    46
       Lee's Rapid Decon |       |       |       |       |     1 ||     1
       Flame Wave        |       |       |       |       |     1 ||     1
 Abil: Breathe Fire      |       |       |    37 |    59 |    74 ||   170
Evoke: Wand              |       |       |       |     1 |       ||     1
  Use: Scroll            |       |     1 |     6 |     5 |    10 ||    22
       Potion            |       |       |       |       |     3 ||     3
Armor: Skin              |    15 |    11 |    18 |    87 |   134 ||   265
Dodge: Dodged            |    26 |    22 |    36 |   211 |   363 ||   658
Block: Buckler           |       |       |       |       |    15 ||    15

Levels and vault maps discovered:
D:1:      tarquinn_simple_flora_water_f, layout_basic,
          nicolae_shop_unique_rings, minmay_pentomino_s4
D:2:      layout_basic, chequers_serial_rivers_large_a, minmay_lizard_pond
D:3:      layout_loops_cross, mainiacjoe_overflow_small_starburst,
          nicolae_gozag_seed_capital, shapermc_ecumenical_altar_starsandcircs,
          minivault_24, dk_noncrumbling_3, lexackson_kobold_supper,
          uniq_jessica, uniq_natasha, uniq_robin
D:4:      layout_basic, mainiacjoe_overflow_alcove_2,
          nemelex_diamond_rough_becter, minmay_temple_entry_stoned_glass,
          kennysheep_generic_room_11
D:5:      layout_gridville, nicolae_elyvilon_temple_path
D:6:      layout_rooms, fedhas_bush_and_centaur_altar
D:7:      layout_cave_pods, overflow_temple_1_default,
          okawaru_altar_gauntlet_db, patterned_corridor
D:8:      due_megacathedral, layout_basic, evilmike_ruin_ashenzari,
          mainiacjoe_overflow_cross_hatched, uniq_maggie, uniq_harold,
          uniq_pikel
D:9:      layout_irregular_city, lair_entry_dummy, enter_bailey_4
D:10:     minmay_the_grid_3x2 [minmay_the_grid_pillar_ring,
          minmay_the_grid_dragon_a, minmay_the_grid_x, minmay_the_grid_embedded,
          minmay_the_grid_tree, minmay_the_grid_prize_diamond_cup],
          layout_stronghold, kennysheep_mini, amcnicky_altar_gilded,
          lemuel_coloured_pillars_altar, orc_0_dummy, uniq_urug
D:11:     layout_loops_ring, minmay_librarian
D:12:     layout_basic, portal_ice_cave_entry_ice_simulacra, uniq_rupert
Temple:   jpeg_temple_island
Lair:1:   layout_concentric_octagons, serial_bayou_shore_a,
          infiniplex_staircase_pool, grunt_megastairs_5
Lair:2:   layout_layer_cave, chequers_serial_rivers_marsh,
          cheibrodos_lair_caveside_slide
Lair:3:   layout_roguey, minmay_swamp_entry_worms, guppyfry_snake_entry_garden,
          beast_lair_carwin_10, uniq_fannar
Lair:4:   layout_misc_corridors, serial_bayou_pond_e, uniq_sonja
Lair:5:   layout_long_grid, minivault_27
Lair:6:   evilmike_catoblepas_cave, layout_layer_cave, slime_altar_1

Notes
Turn   | Place    | Note
-------+----------+-------------------------------------------
     0 | D:1      | mortz the Draconian Conjurer began the quest for the Orb.
     0 | D:1      | Reached XP level 1. HP: 14/14 MP: 3/3
     0 | D:1      | magus.rc [v1.9.6]
    28 | D:1      | Found Sosoeqy's One-of-a-Kind Rings.
   313 | D:1      | Reached skill level 2 in Dodging
   505 | D:1      | Reached XP level 2. HP: 20/20 MP: 1/5
   606 | D:1      | Learned a level 2 spell: Searing Ray
  1633 | D:2      | Reached XP level 3. HP: 26/26 MP: 3/6
  1682 | D:2      | Reached skill level 2 in Stealth
  2799 | D:3      | Found an opulent altar of Gozag.
  2856 | D:3      | Reached XP level 4. HP: 33/33 MP: 5/7
  2987 | D:3      | Found a faded altar of an unknown god.
  3009 | D:3      | Reached skill level 5 in Conjurations
  3186 | D:3      | Found a hazy altar of Hepliaklqana.
  3461 | D:3      | Reached skill level 3 in Spellcasting
  3569 | D:3      | Noticed Jessica
  3577 | D:3      | Killed Jessica
  3578 | D:3      | Reached XP level 5. HP: 38/38 MP: 0/9
  3709 | D:3      | Noticed Robin
  3721 | D:3      | Killed Robin
  3723 | D:3      | Noticed Natasha
  3777 | D:3      | Killed Natasha
  4006 | D:3      | Noticed Natasha
  4014 | D:3      | Killed Natasha
  4149 | D:3      | Noticed Natasha
  4153 | D:3      | Killed Natasha
  4244 | D:4      | Found a sparkling altar of Nemelex Xobeh.
  4264 | D:4      | Found a staircase to the Ecumenical Temple.
  4273 | Temple   | Entered the Ecumenical Temple
  4335 | Temple   | Became a worshipper of Vehumet
  4598 | D:4      | Reached XP level 6. HP: 33/46 MP: 5/11
  4747 | D:4      | Reached skill level 3 in Stealth
  4860 | D:4      | Reached skill level 4 in Spellcasting
  5602 | D:4      | Found a snail-covered altar of Cheibriados.
  5718 | D:4      | Reached skill level 6 in Conjurations
  5884 | D:5      | Entered Level 5 of the Dungeon
  5884 | D:5      | Noticed a water moccasin
  5892 | D:5      | Killed a water moccasin
  5893 | D:5      | Reached skill level 1 in Fighting
  5893 | D:5      | Your scales start taking on a fiery red colour.
  5893 | D:5      | Reached XP level 7. HP: 34/52 MP: 3/13
  5893 | D:5      | Gained mutation: Your flesh is heat resistant. (rF+) [Red
                  | Draconian growth]
  6261 | D:5      | Reached skill level 5 in Spellcasting
  6262 | D:5      | Found a white marble altar of Elyvilon.
  6422 | D:5      | Reached XP level 8. HP: 59/59 MP: 11/16
  6438 | D:5      | Reached * piety under Vehumet
  6438 | D:5      | Offered knowledge of Foxfire by Vehumet.
  6439 | D:5      | Reached skill level 7 in Conjurations
  6441 | D:5      | Learned a level 1 spell: Foxfire
  6445 | D:5      | Learned a level 3 spell: Dazzling Flash
  6463 | D:5      | Reached skill level 3 in Dodging
  6885 | D:6      | Reached skill level 6 in Spellcasting
  6972 | D:6      | Reached skill level 4 in Stealth
  6989 | D:5      | HP: 13/60 [orc warrior/+0 flail (10)]
  6990 | D:5      | HP: 1/60 [orc warrior/+0 flail (11)]
  7039 | D:5      | HP: 7/60 [orc warrior/+0 flail (4)]
  7445 | D:6      | Reached skill level 8 in Conjurations
  7749 | D:6      | Reached skill level 2 in Fighting
  7749 | D:6      | Reached skill level 7 in Spellcasting
  7749 | D:6      | Reached XP level 9. HP: 67/67 MP: 19/19
  7754 | D:6      | Learned a level 4 spell: Iskenderun's Mystic Blast
  8134 | D:6      | Found a blossoming altar of Fedhas.
  8296 | D:6      | Reached skill level 1 in Polearms
  8353 | D:6      | Reached ** piety under Vehumet
  8389 | D:7      | Offered knowledge of Poisonous Vapours by Vehumet.
  8393 | D:7      | Learned a level 2 spell: Poisonous Vapours
  8440 | D:7      | Reached skill level 9 in Conjurations
  9038 | D:7      | Reached skill level 1 in Maces & Flails
  9128 | D:7      | Reached skill level 8 in Spellcasting
  9333 | D:7      | Offered knowledge of Ignite Poison by Vehumet.
  9338 | D:7      | Learned a level 3 spell: Ignite Poison
  9550 | D:7      | Found a burning altar of Makhleb.
  9743 | D:7      | Found an iron altar of Okawaru.
  9937 | D:8      | Found a shimmering altar of Xom.
  9941 | D:8      | Noticed Harold
 10154 | D:8      | Noticed Pikel
 10161 | D:8      | Killed Pikel
 10162 | D:8      | Reached skill level 2 in Maces & Flails
 10162 | D:8      | Reached skill level 4 in Dodging
 10162 | D:8      | Reached skill level 10 in Conjurations
 10162 | D:8      | Reached XP level 10. HP: 70/73 MP: 14/22
 10266 | D:8      | Noticed Maggie
 10276 | D:8      | Killed Maggie
 10415 | D:8      | You fall into a shaft and drop 3 floors!
 10440 | D:11     | You pick up a book of Conjurations {@e2} and begin
                  | reading...
 10448 | D:10     | Entered Level 10 of the Dungeon
 10569 | D:10     | Found a glowing golden altar of the Shining One.
 10710 | D:10     | Reached *** piety under Vehumet
 10887 | D:9      | Found a staircase to the Lair.
 10929 | D:8      | Killed Harold
 10930 | D:8      | Reached skill level 9 in Spellcasting
 11476 | D:8      | Reached skill level 5 in Stealth
 11478 | D:8      | Found a broken altar of Ashenzari.
 11608 | D:8      | Found a runed translucent door.
 11617 | D:8      | Noticed a flayed ghost
 11624 | D:8      | Found a hazy altar of Hepliaklqana.
 11637 | D:8      | Found a glowing silver altar of Zin.
 11696 | D:8      | Found a blossoming altar of Fedhas.
 11765 | D:8      | Found a burning altar of Makhleb.
 11789 | D:8      | Found a stormy altar of Qazlal.
 11792 | D:8      | Reached skill level 10 in Spellcasting
 11792 | D:8      | Offered knowledge of Olgreb's Toxic Radiance by Vehumet.
 11829 | D:8      | Found a hazy altar of Hepliaklqana.
 12398 | D:9      | Noticed a two-headed ogre
 12406 | D:9      | Killed a two-headed ogre
 12407 | D:9      | Reached skill level 11 in Conjurations
 12407 | D:9      | Reached XP level 11. HP: 80/80 MP: 23/25
 12522 | D:9      | Noticed a white ugly thing
 12531 | D:9      | Killed a white ugly thing
 12541 | D:9      | HP: 20/80 [vampire mosquito (2)]
 12840 | D:9      | Reached skill level 5 in Dodging
 12914 | D:9      | Reached **** piety under Vehumet
 13298 | D:10     | Reached skill level 1 in Poison Magic
 13380 | D:10     | You add the spells Ozocubu's Armour and Ozocubu's
                  | Refrigeration to your library.
 13386 | D:10     | Noticed a four-headed hydra
 13394 | D:10     | Killed a four-headed hydra
 13395 | D:10     | Reached skill level 6 in Stealth
 13396 | D:10     | Offered knowledge of Mephitic Cloud by Vehumet.
 13401 | D:10     | Reached skill level 3 in Fighting
 13418 | D:10     | Noticed an ettin
 13446 | D:10     | Identified the +0 robe of Defence {rF++ rC+ Str-3 Archmagi}
 13559 | D:10     | Identified the amulet "Sejegg" {RegenMP Rampage +Blink}
 13559 | D:10     | Noticed a fire giant
 13635 | Lair:1   | Entered Level 1 of the Lair of Beasts
 13720 | Lair:1   | Reached skill level 11 in Spellcasting
 13726 | Lair:1   | Reached skill level 1 in Translocations
 14767 | Lair:1   | Reached skill level 12 in Conjurations
 14771 | Lair:1   | Reached skill level 4 in Fighting
 15227 | Lair:2   | Noticed an eight-headed hydra
 15237 | Lair:1   | Killed an eight-headed hydra
 15238 | Lair:1   | Reached XP level 12. HP: 63/91 MP: 20/27
 15353 | Lair:2   | Reached skill level 6 in Dodging
 16336 | Lair:2   | You pick up a book of Rime and begin reading...
 16336 | Lair:2   | You add the spells Frozen Ramparts, Ice Form and Summon Ice
                  | Beast to your library.
 16341 | Lair:2   | Learned a level 3 spell: Mephitic Cloud
 16557 | Lair:3   | Noticed a death yak
 16557 | Lair:3   | Noticed a death yak
 16557 | Lair:3   | Noticed a death yak
 16557 | Lair:3   | Noticed a death yak
 16557 | Lair:3   | Noticed a death yak
 16559 | Lair:3   | Noticed a death yak
 16559 | Lair:3   | Noticed a seven-headed hydra
 16564 | Lair:3   | Killed a death yak
 16565 | Lair:3   | Reached skill level 12 in Spellcasting
 16565 | Lair:3   | Noticed an eight-headed hydra
 16566 | Lair:3   | Killed a death yak
 16567 | Lair:3   | Reached skill level 2 in Translocations
 16567 | Lair:3   | Killed a death yak
 16773 | Lair:3   | Noticed Fannar
 16839 | Lair:3   | Noticed a four-headed hydra
 16848 | Lair:2   | Killed a four-headed hydra
 16849 | Lair:2   | Reached skill level 1 in Fire Magic
 16849 | Lair:2   | HP: 16/92 [tyrant leech (17)]
 17209 | Lair:2   | Killed Fannar
 17611 | Lair:3   | Reached skill level 5 in Fighting
 17771 | Lair:3   | Killed a seven-headed hydra
 17772 | Lair:3   | Reached skill level 1 in Transmutations
 17857 | Lair:3   | Killed a death yak
 17858 | Lair:3   | Reached skill level 1 in Air Magic
 17958 | Lair:3   | Killed an eight-headed hydra
 18044 | Lair:3   | Reached skill level 7 in Dodging
 18131 | Lair:2   | Killed a death yak
 18416 | Lair:3   | Killed a death yak
 18514 | Lair:3   | Reached skill level 2 in Poison Magic
 18717 | Lair:3   | Reached skill level 13 in Conjurations
 18717 | Lair:3   | Reached XP level 13. HP: 67/101 MP: 25/29
 18774 | Lair:3   | HP: 24/101 [boulder beetle (24)]
 19024 | Lair:3   | Reached skill level 3 in Translocations
 19463 | Lair:3   | Found a staircase to the Swamp.
 19550 | Lair:3   | Reached skill level 13 in Spellcasting
 19588 | Lair:3   | Found a staircase to the Snake Pit.
 19876 | Lair:3   | magus.rc [v1.9.6]
 20467 | Lair:4   | Reached skill level 6 in Fighting
 20491 | Lair:4   | Noticed Sonja
 20846 | Lair:4   | Killed Sonja
 20882 | Lair:4   | Reached skill level 8 in Dodging
 21107 | Lair:4   | Reached ***** piety under Vehumet
 21240 | Lair:4   | Offered knowledge of Lee's Rapid Deconstruction by Vehumet.
 21389 | Lair:3   | Learned a level 5 spell: Lee's Rapid Deconstruction
 22960 | Lair:5   | Reached skill level 14 in Conjurations
 23371 | Lair:6   | Entered Level 6 of the Lair of Beasts
 23447 | Lair:6   | Found a staircase to the Slime Pits.
 23448 | Lair:6   | Found a viscous altar of Jiyva.
 23696 | Lair:6   | HP: 16/103 [boulder beetle (11)]
 24784 | Lair:6   | Reached XP level 14. HP: 99/111 MP: 24/31
 24888 | Lair:6   | Reached skill level 3 in Poison Magic
 24899 | Lair:6   | Reached skill level 2 in Fire Magic
 25366 | Lair:6   | Reached skill level 2 in Transmutations
 25757 | Lair:6   | magus.rc [v1.9.6]
 26021 | Lair:6   | Reached skill level 2 in Air Magic
 26303 | Lair:6   | Reached skill level 4 in Poison Magic
 26395 | Lair:6   | Reached skill level 14 in Spellcasting
 26551 | Lair:6   | y - a +0 eveningstar {macerare=g}
 26756 | D:10     | Reached skill level 3 in Fire Magic
 26927 | D:10     | Found a staircase to the Orcish Mines.
 27054 | D:10     | Found a basalt altar of Yredelemnul.
 27122 | D:10     | Found a bloodstained altar of Trog.
 27210 | D:10     | HP: 27/111 [gargoyle/stone arrow (23)]
 27583 | D:10     | You pick up a book of Burglary and begin reading...
 27583 | D:10     | You add the spells Passwall, Ensorcelled Hibernation and
                  | Swiftness to your library.
 27589 | D:10     | You pick up a book of the Senses and begin reading...
 27589 | D:10     | You add the spells Agony and Silence to your library.
 27633 | D:10     | Noticed Urug
 27642 | D:10     | HP: 24/111 [ice dragon (8)]
 27647 | D:10     | HP: 11/111 [Urug/javelin (15)]
 27648 | D:10     | Killed Urug
 28206 | D:10     | Killed a fire giant
 28602 | D:10     | your +0 eveningstar {macerare=g} projects an invisible
                  | shield of force!
 28602 | D:10     | y - a +0 eveningstar of protection {macerare=g}
 28666 | D:11     | Reached skill level 9 in Dodging
 29056 | D:11     | Reached skill level 3 in Air Magic
 29474 | D:11     | You pick up a book of Changes and begin reading...
 29474 | D:11     | You add the spells Beastly Appendage, Wereblood and Spider
                  | Form to your library.
 29480 | D:11     | You pick up a book of Flames and begin reading...
 29480 | D:11     | You add the spells Conjure Flame, Inner Flame and Flame
                  | Wave to your library.
 29487 | D:11     | your +0 eveningstar of protection {macerare=g} glows red
                  | for a moment.
 29488 | D:11     | your +1 eveningstar of protection {macerare=g} glows red
                  | for a moment.
 29489 | D:11     | your +2 eveningstar of protection {macerare=g} glows red
                  | for a moment.
 29490 | D:11     | your +3 eveningstar of protection {macerare=g} hums with
                  | potential!
 29490 | D:11     | y - a +3 eveningstar of protection (weapon) {macerare=g}
 29630 | D:11     | magus.rc [v1.9.6]
 29657 | D:12     | Reached skill level 4 in Fire Magic
 29658 | D:12     | Offered knowledge of Sticky Flame by Vehumet.
 30192 | D:12     | Learned a level 4 spell: Sticky Flame
 30197 | D:12     | Learned a level 4 spell: Flame Wave
 30227 | D:12     | Found a frozen archway.
 30227 | D:12     | Noticed Rupert
 30234 | D:12     | Paralysed by Rupert for 3 turns
 30244 | D:12     | HP: 24/111 [Rupert/+2 vorpal great mace (41)]
 30248 | D:12     | HP: 1/111 [Rupert/+2 vorpal great mace (36)]
 30248 | D:12     | Slain by Rupert

Vanquished Creatures
  A fire giant (D:10)
  An ettin (D:10)
  An ice dragon (D:10)
  Fannar (Lair:2)
  2 boulder beetles
  Harold (D:8)
  8 hydras
  3 catoblepae (Lair:6)
  3 two-headed ogres
  12 death yaks
  Urug (D:10)
  Sonja (Lair:4)
  Pikel (D:8)
  A wizard (D:11)
  An ugly thing (D:9)
  2 cyclopes
  2 manticores (Lair:6)
  12 elephants
  5 black mambas
  16 cane toads
  Maggie (D:8)
  A rime drake (Lair:5)
  3 gargoyles
  8 komodo dragons
  2 kobold demonologists (D:12)
  2 trolls
  A tyrant leech (Lair:2)
  3 polar bears
  8 blink frogs
  4 slime creatures (D:12)
  4 wyverns
  3 shadows
  7 wraiths
  2 fire bats (D:8)
  3 basilisks
  59 yaks
  10 vampire mosquitoes
  A naga (Lair:3)
  An acid dragon (D:10)
  16 water moccasins
  3 black bears
  A sky beast (D:7)
  4 orc warriors
  An ice beast (D:8)
  9 centaurs
  4 ogres
  6 wolves (Lair:5)
  2 phantoms
  5 kobold brigands
  16 bullfrogs
  A two-headed ogre simulacrum (D:12)
  A wyvern zombie (D:7)
  3 gnoll sergeants (D:7)
  4 scorpions
  A water moccasin zombie (D:6)
  9 killer bees (D:11)
  6 howler monkeys
  2 electric eels (Lair:1)
  8 wights (D:6)
  2 jellies
  3 centaur skeletons
  2 hounds
  4 orc priests
  5 centaur zombies
  A gnoll shaman (D:10)
  6 iguanas
  Jessica (D:3)
  Natasha (thrice) (D:3)
  2 orc wizards
  A polar bear simulacrum (D:12)
  4 troll simulacra (D:12)
  A wolf simulacrum (D:12)
  A killer bee zombie (D:8)
  A hound zombie (D:5)
  A howler monkey zombie (D:5)
  Robin (D:3)
  21 gnolls
  A howler monkey skeleton (D:4)
  9 adders
  A naga simulacrum (D:12)
  A shadow imp (D:6)
  A worm (D:2)
  3 dart slugs
  19 orcs
  5 endoplasms
  2 giant cockroaches (D:2)
  15 goblins
  7 hobgoblins
  7 jackals
  32 kobolds
  A quokka (D:3)
  7 ball pythons
  11 bats
  8 frilled lizards
  9 rats
499 creatures vanquished.

Vanquished Creatures (others)
  79 foxfires
  39 fungi
  89 plants
207 creatures vanquished.

Grand Total: 706 creatures vanquished

Table legend:
 A = Non-vault XP
 B = Vault XP
 C = Vault XP percentage of total XP
 D = Non-vault monster count
 E = Vault monster count
 F = Vault count percentage of total count
                 A         B        C        D         E       F
            +---------+---------+-------+---------+---------+-------
      Total |   61045 |   28721 |  32.0 |     380 |     119 |  23.8
            +---------+---------+-------+---------+---------+-------
        D:1 |      24 |       4 |  14.3 |      14 |       3 |  17.6
        D:2 |      64 |       3 |   4.5 |      20 |       3 |  13.0
        D:3 |     140 |     117 |  45.5 |      17 |      21 |  55.3
        D:4 |     318 |       3 |   0.9 |      24 |       1 |   4.0
        D:5 |    1193 |       0 |   0.0 |      17 |       0 |   0.0
        D:6 |    1626 |     112 |   6.4 |      31 |       1 |   3.1
        D:7 |    1477 |      34 |   2.3 |      31 |       6 |  16.2
        D:8 |    1855 |    2942 |  61.3 |      24 |       8 |  25.0
        D:9 |    2686 |      10 |   0.4 |      18 |       5 |  21.7
       D:10 |    1678 |    7439 |  81.6 |      11 |      19 |  63.3
       D:11 |    4731 |     643 |  12.0 |      23 |       1 |   4.2
       D:12 |    3610 |     289 |   7.4 |      17 |       8 |  32.0
     Lair:1 |    4722 |    1717 |  26.7 |      22 |       8 |  26.7
     Lair:2 |    5997 |    1182 |  16.5 |      20 |       2 |   9.1
     Lair:3 |   12918 |    2681 |  17.2 |      27 |       9 |  25.0
     Lair:4 |    6686 |     776 |  10.4 |      19 |       1 |   5.0
     Lair:5 |    6557 |     795 |  10.8 |      30 |       1 |   3.2
     Lair:6 |    4763 |    9974 |  67.7 |      15 |      22 |  59.5
            +---------+---------+-------+---------+---------+-------

Illustrated notes

Table legend:
 A = Kills in this place as a percentage of kills in entire the game.
 B = Kills by you in this place as a percentage of kills by you in the entire game.
 C = Kills by friends in this place as a percentage of kills by friends in the entire game.
 D = Other kills in this place as a percentage of other kills in the entire game.
 E = Experience gained in this place as a percentage of experience gained in the entire game.
 F = Experience gained in this place divided by the number of levels of this place that you have seen.
                   A       B       C       D       E      F
               +-------+-------+-------+-------+-------+----------------------
         Total | 100.0 | 100.0 |   N/A | 100.0 | 100.0 | 4724.5
       Dungeon |  64.7 |  64.7 |   N/A | 100.0 |  34.5 | 2583.2
          Lair |  35.3 |  35.3 |   N/A |   0.0 |  65.5 | 9794.7
               +-------+-------+-------+-------+-------+----------------------

Table legend: (Time is in decaauts)
 A = Elapsed time spent in this place.
 B = Non-inter-level travel time spent in this place.
 C = Inter-level travel time spent in this place.
 D = Time resting spent in this place.
 E = Time spent auto-exploring this place.
 F = Levels seen in this place.
 G = Mean time per level.
                   A        B        C        D        E       F      G
               +--------+--------+--------+--------+--------+-----+--------+
         Total |  30357 |  29466 |    891 |  12810 |  10138 |  19 | 1597.7 |
       Dungeon |  17218 |  16847 |    371 |   6156 |   7459 |  12 | 1434.8 |
        Temple |     75 |     75 |      0 |      0 |     50 |   1 |   75.0 |
          Lair |  13063 |  12544 |    519 |   6654 |   2628 |   6 | 2177.2 |
               +--------+--------+--------+--------+--------+-----+--------+

Top non-repeatable levels by time:
    D:10: 2660 daAuts
  Lair:2: 2586 daAuts
  Lair:3: 2378 daAuts
  Lair:6: 2291 daAuts
  Lair:4: 2072 daAuts
  Lair:5: 2035 daAuts
     D:4: 1965 daAuts
     D:8: 1819 daAuts
  Lair:1: 1700 daAuts
     D:7: 1460 daAuts
     D:3: 1460 daAuts
     D:2: 1421 daAuts
     D:1: 1335 daAuts
     D:9: 1201 daAuts
     D:6: 1191 daAuts
